 Dungeon Crawl Stone Soup version 0.29.1-1-gd02db6906a (webtiles) character file.

Game seed: 2022773660955705297

50 Ashen the Chiller (level 3, 0/26 HPs)
             Began as a Demonspawn Ice Elementalist on Sept 15, 2022.
             Succumbed to an adder's poison
             ... on level 2 of the Dungeon.
             The game lasted 00:04:35 (2087 turns).

Ashen the Chiller (Demonspawn Ice Elementalist)     Turns: 2087, Time: 00:04:36

Health: 0/26       AC:  2    Str:  8    XL:     3   Next: 55%
Magic:  3/6        EV: 12    Int: 18    God:
Gold:   36         SH:  0    Dex: 15    Spells: 5/6 levels left

rFire   . . .      SeeInvis .   f - +0 dagger
rCold   . . .      Faith    .   (no shield)
rNeg    . . .      Spirit   .   a - +0 robe
rPois   .          Reflect  .   (no helmet)
rElec   .          Harm     .   (no cloak)
rCorr   .          Rampage  .   (no gloves)
Will    .....                   (no boots)
Stlth   +++.......              (no amulet)
HPRegen 1.08/turn               (no ring)
MPRegen 0.10/turn               (no ring)

@: lethally poisoned (0 -> -10)
A: thin skeletal structure 1, powered by death 1
a: no special abilities


You were on level 2 of the Dungeon.
You visited 1 branch of the dungeon, and saw 2 of its levels.

You collected 36 gold pieces.

Inventory:

Hand Weapons
 f - a +0 dagger (weapon)
Armour
 a - a +0 robe (worn)
Scrolls
 d - a scroll of enchant armour {unknown}
 e - 2 scrolls of immolation {unknown}
 g - 3 scrolls of summoning {unknown}
 h - a scroll of identify {unknown}
 k - a scroll of teleportation {unknown}
Potions
 b - a potion of magic
 c - a potion of brilliance {unknown}
 i - a potion of lignification {unknown}
 j - 3 potions of heal wounds {unknown}
 l - a potion of flight {unknown}


   Skills:
 + Level 1.2 Fighting
 + Level 2.2 Dodging
 + Level 2.3 Stealth
 + Level 2.3 Spellcasting
 + Level 3.9 Ice Magic


You had 5 spell levels left.
You knew the following spells:

 Your Spells              Type           Power      Damage    Failure   Level
a - Freeze                Ice            64%        1d8       3%          1

Your spell library contained the following spells:

 Spells                   Type           Power      Damage    Failure   Level
 Frozen Ramparts          Ice            32%        1d5       11%         3
 Ozocubu's Armour         Ice            16%        N/A       11%         3
 Ensorcelled Hibernation  Hex/Ice        18%        N/A       12%         2
 Shock                    Conj/Air       8%         1d3       17%         1
 Passwall                 Tmut/Erth      1%         N/A       26%         2
 Poisonous Vapours        Pois/Air       4%         N/A       26%         2
 Swiftness                Air            2%         N/A       45%         3
 Hailstorm                Conj/Ice       9%         3d4       61%         4
 Airstrike                Air            1%         2d(1-17)  86%         4
 Corpse Rot               Necr/Pois/Air  2%         N/A       86%         4


Dungeon Overview and Level Annotations

Branches:
Dungeon (2/15)

Altars:

Shops:
D:2 [


Innate Abilities, Weirdness & Mutations

You have a somewhat thin skeletal structure. (Dex +2, Stealth+)
You regenerate a little health from kills.


Message History

The adder poisons you! The adder completely misses you.
You miss the adder.
You feel sick. The adder closely misses you. The adder bites you.
You are more poisoned.
The adder poisons you!
You closely miss the adder.
You feel very sick. The adder closely misses you. The adder bites you.
Casting: Freeze (safe; 3% risk of failure)
Confirm with . or Enter, or press ? or * to list all spells.
Aiming: Freeze (safe; 3% risk of failure)
Press: ? - help, Shift-Dir - straight line, f - adder
Aim: an adder You freeze the adder!
The adder is severely wounded.
You feel sick. The adder bites you.
* * * LOW HITPOINT WARNING * * *
You are more poisoned.
The adder poisons you! The adder misses you. The adder barely misses you. x2
Casting: Freeze (safe; 3% risk of failure)
Confirm with . or Enter, or press ? or * to list all spells.
Aiming: Freeze (safe; 3% risk of failure)
Press: ? - help, Shift-Dir - straight line, f/p - adder
Aim: an adder (severely wounded)
You freeze the adder.
You kill the adder!
* * * LOW HITPOINT WARNING * * *
You feel very sick. The adder bites you.
* * * LOW HITPOINT WARNING * * *
You are more poisoned.
The adder poisons you!
Casting: Freeze (safe; 3% risk of failure)
Confirm with . or Enter, or press ? or * to list all spells.
Aiming: Freeze (safe; 3% risk of failure)
Press: ? - help, Shift-Dir - straight line, f - adder
Aim: an adder You freeze the adder.
The adder is heavily wounded.
You die...

.## ..# #.# #.# #
########.# #
#.#.).......
#.##.########.#.######..
#......#.........# #)#
.......@..###.#..# #.#
......S#..# #.#..# #.#
#....<.#..# #.#..# #.#
#......#..# #....#####.#
..######..# #..........#
# #..# ##.#.#####.#
#..####.#.#####.#
#.............. .
#[#####.#.##### #


You could see an adder.

Vanquished Creatures
  An adder (D:2)
  2 dart slugs (D:1)
  3 endoplasms (D:1)
  2 giant cockroaches
  3 goblins (D:1)
  A hobgoblin (D:1)
  4 jackals (D:1)
  5 kobolds
  A quokka (D:1)
  4 ball pythons (D:1)
  3 bats (D:1)
  2 frilled lizards (D:1)
  4 rats (D:1)
35 creatures vanquished.

Notes
Turn   | Place    | Note
-------+----------+-------------------------------------------
     0 | D:1      | Ashen the Demonspawn Ice Elementalist began the quest for
                  | the Orb.
     0 | D:1      | Reached XP level 1. HP: 13/13 MP: 3/3
   367 | D:1      | Found a faded altar of an unknown god.
   464 | D:1      | Gained mutation: You have a somewhat thin skeletal
                  | structure. (Dex +2, Stealth+) [demonic ancestry]
   464 | D:1      | Reached XP level 2. HP: 10/20 MP: 0/5
  1141 | D:1      | Reached skill level 1 in Fighting
  1375 | D:1      | Gained mutation: You regenerate a little health from kills.
                  | [demonic ancestry]
  1375 | D:1      | Reached XP level 3. HP: 26/26 MP: 6/6
  1949 | D:2      | Found Poruont's Armour Shop.
  2087 | D:2      | Succumbed to an adder's poison

Illustrated notes

Levels and vault maps discovered:
D:1:      minmay_arrival_glassed_features, layout_loops_ring,
          nicolae_ecumenical_lake_church, chequers_serial_rivers_micro_a
D:2:      layout_loops_ring, serial_shops, nicolae_diamond_shop

Skill      XL: |  1  2 |
---------------+-------+-----
Stealth        | 2 |  2.3
Dodging        | 2 |  2.2
Fighting       | 1 |  1.2
Spellcasting   | |  2.3
Ice Magic      | |  3.9

Action                   || total
-------------------------++-------
Melee: Unarmed           ||    41
       Dagger            ||    20
       Punch             ||     2
 Cast: Freeze            ||    37
 Stab: Sleeping          ||    10
Armor: Robe              ||    13
Dodge: Dodged            ||    56
